 Dungeon Crawl Stone Soup version 0.30-a0-726-gd89dcf765f (webtiles) character file.

Game seed: 6409467799158597811

21 hikkokomori the Stinger (level 3, 0/26 HPs)
             Began as a Human Wanderer on Jan 30, 2023.
             Slain by a ball python (1 damage)
             ... on level 1 of the Dungeon.
             The game lasted 00:01:42 (409 turns).

hikkokomori the Stinger (Human Wanderer)             Turns: 409, Time: 00:01:42

Health: 0/26       AC:  5    Str: 12    XL:     3   Next: 2%
Magic:  1/5        EV:  7    Int: 16    God:
Gold:   19         SH:  0    Dex: 10    Spells: 3/4 levels left

rFire   . . .      SeeInvis .    a - +0 club
rCold   . . .      Faith    .    (no shield)
rNeg    . . .      Spirit   .    c - +0 ring mail
rPois   .          Reflect  .    (no helmet)
rElec   .          Harm     .    (no cloak)
rCorr   .          Rampage  .    (no gloves)
Will    .....                    (no boots)
Stlth   +                        (no amulet)
HPRegen 0.24/turn                (no ring)
MPRegen 0.09/turn                (no ring)

@: very slightly contaminated, constricted
A: no striking features
a: no special abilities


You were on level 1 of the Dungeon.
You visited 1 branch of the dungeon, and saw 1 of its levels.

You collected 19 gold pieces.

Inventory:

Hand Weapons
 a - a +0 club (weapon)
Armour
 c - a +0 ring mail (worn)
 d - a +0 helmet
Scrolls
 b - a scroll of blinking


   Skills:
 + Level 1.5 Fighting
 - Level 3.0 Armour
 + Level 1.1 Stealth
 + Level 1.4 Spellcasting
 + Level 1.5 Conjurations
 - Level 4.0 Poison Magic


You had 3 spell levels left.
You knew the following spells:

 Your Spells              Type           Power      Damage    Failure   Level
a - Sting                 Tmut/Pois      28%        1d4       21%         1

Your spell library contained the following spells:

 Spells                   Type           Power      Damage    Failure   Level
 Searing Ray              Conj           10%        2d4       36%         2
 Momentum Strike          Conj/Tloc      6%         3d8       45%         2
 Spider Form              Tmut/Pois      7%         N/A       52%         3
 Mephitic Cloud           Conj/Pois/Air  7%         N/A       54%         3


Dungeon Overview and Level Annotations

Branches:
Dungeon (1/15)

Altars:


Message History

The ball python bites you but does no damage.
The ball python constricts you. The ball python barely misses you.
The ball python constricts you.
Casting: Sting (safe; 21% risk of failure)
Confirm with . or Enter, or press ? or * to list all spells.
Aiming: Sting (safe; 21% risk of failure)
Press: ? - help, Shift-Dir - straight line, f - ball python
Aim: a ball python (heavily wounded, constricting you, 64% to hit)
You miscast Sting.
You are very lightly contaminated with residual magic.
Nothing appears to happen.
The ball python closely misses you. The ball python constricts you.
Unknown command.
You barely miss the ball python.
The ball python is heavily wounded.
The ball python bites you but does no damage.
The ball python constricts you.
You hit the ball python but do no damage.
The ball python is heavily wounded.
The ball python bites you.
* * * LOW HITPOINT WARNING * * *
The ball python constricts you.
The ball python bites you but does no damage.
The ball python constricts you.
Casting: Sting (safe; 21% risk of failure)
Confirm with . or Enter, or press ? or * to list all spells.
Aiming: Sting (safe; 21% risk of failure)
Press: ? - help, Shift-Dir - straight line, f/p - ball python
Aim: a ball python (heavily wounded, constricting you, 64% to hit)
You miscast Sting.
Nothing appears to happen.
The ball python bites you.
* * * LOW HITPOINT WARNING * * *
The ball python constricts you.
Unknown command.
Casting: Sting (safe; 21% risk of failure)
Confirm with . or Enter, or press ? or * to list all spells.
Aiming: Sting (safe; 21% risk of failure)
Press: ? - help, Shift-Dir - straight line, f/p - ball python
Aim: a ball python (heavily wounded, constricting you, 64% to hit)
You miscast Sting.
Nothing appears to happen.
The ball python bites you.
You die...

## #####.##### ##### #.
#.........# #.... #.
#...#.###.#.#.### #.
#...#.# #.#.#.#
####.#†#####...#.# #.#.#.#
............S..#.###.#.#.#
####.#......h..#...†.#.#.#
.#########.#####.#.#.#
.......@S........^.#.#
##########.....†...#.#
#########[#.# #.#.# #.#.#
#.#.# #.#.# #.#.# #...#


You could see a ball python.

Vanquished Creatures
  A dart slug (D:1)
  2 bats (D:1)
  An endoplasm (D:1)
  2 giant cockroaches (D:1)
  A goblin (D:1)
  2 hobgoblins (D:1)
  3 jackals (D:1)
  2 kobolds (D:1)
  A frilled lizard (D:1)
15 creatures vanquished.

Notes
Turn   | Place    | Note
-------+----------+-------------------------------------------
     0 | D:1      | hikkokomori the Human Wanderer began the quest for the Orb.
     0 | D:1      | hikkokomori set off with the following items: a +0 club, a
                  | scroll of blinking, a +0 ring mail; and the following spell
                  | memorised: Sting; and the following spells available to
                  | memorise: Searing Ray, Momentum Strike, Spider Form,
                  | Mephitic Cloud.
     0 | D:1      | Reached XP level 1. HP: 15/15 MP: 2/2
   112 | D:1      | Reached XP level 2. HP: 14/21 MP: 3/3
   331 | D:1      | Reached skill level 1 in Stealth
   400 | D:1      | HP: 1/21 [jackal (2)]
   403 | D:1      | Reached XP level 3. HP: 2/26 MP: 3/5
   408 | D:1      | HP: 1/26 [ball python (1)]
   409 | D:1      | Slain by a ball python

Illustrated notes

Levels and vault maps discovered:
D:1:      nzn_arrival_depleted_hourglass, layout_basic, grunt_decor_one_mirror

Skill      XL: |  1  2 |
---------------+-------+-----
Stealth        | 1 |  1.1
Fighting       | |  1.5
Armour         | |  3.0
Spellcasting   | |  1.4
Conjurations   | |  1.5
Poison Magic   | |  4.0

Action                     || total
---------------------------++-------
  Melee: Club              ||    54
   Cast: Sting             ||     8
    Use: Scroll            ||     1
 Armour: Ring mail         ||    53
  Dodge: Dodged            ||    45

Table legend: (Time is in decaauts)
 A = Elapsed time spent in this place.
 B = Non-inter-level travel time spent in this place.
 C = Inter-level travel time spent in this place.
 D = Time resting spent in this place.
 E = Time spent auto-exploring this place.
 F = Levels seen in this place.
 G = Mean time per level.
                   A        B        C        D        E       F      G
               +--------+--------+--------+--------+--------+-----+--------+
         Total |    425 |    421 |      4 |      0 |    284 |   1 |  425.0 |
       Dungeon |    425 |    421 |      4 |      0 |    284 |   1 |  425.0 |
               +--------+--------+--------+--------+--------+-----+--------+

Top non-repeatable levels by time:
     D:1: 425 daAuts
